 Dungeon Crawl Stone Soup version 0.23-a0-419-g0174fd8 (webtiles) character file.

97 Firecrotchwizard the Poker (level 4, -7/33 HPs)
             Began as a Merfolk Skald on Nov 12, 2018.
             Mangled by Sigmund
             ... wielding a +0 scythe
              (10 damage)
             ... on level 3 of the Dungeon.
             The game lasted 00:06:11 (3182 turns).

Firecrotchwizard the Poker (Merfolk Skald)          Turns: 3182, Time: 00:06:11

Health: -7/33      AC:  5    Str: 11    XL:     4   Next: 68%
Magic:  5/7        EV: 13    Int: 13    God:
Gold:   148        SH:  0    Dex: 13    Spells: 3/7 levels left

rFire    + . .     SeeInvis .   a - +0 spear
rCold    x . .     Gourm    .   (no shield)
rNeg     . . .     Faith    .   b - +0 leather armour
rPois    .         Spirit   .   (no helmet)
rElec    .         Reflect  .   (no cloak)
rCorr    .         Harm     .   o - +1 pair of gloves
MR       +....                  (no boots)
Stlth    +.........             (no amulet)
HPRegen  0.11/turn              q - ring of fire {rF+, rC-}
MPRegen  0.10/turn              m - ring of protection from magic {MR+, !d}

@: no status effects
A: change form in water, swift swim, stealthy swim
a: no special abilities


You were on level 3 of the Dungeon.
You were hungry.

You visited 1 branch of the dungeon, and saw 3 of its levels.

You collected 148 gold pieces.

Inventory:

Hand Weapons
 a - a +0 spear (weapon)
Armour
 b - a +0 leather armour (worn)
 o - a +1 pair of gloves (worn)
   (You found it on level 2 of the Dungeon)
 t - a +0 helmet
   (You took it off Robin on level 3 of the Dungeon)
Jewellery
 g - an uncursed ring of see invisible {sInv, !d}
   (You found it on level 1 of the Dungeon)
 m - a ring of protection from magic (right hand) {MR+, !d}
   (You found it on level 2 of the Dungeon)
 q - a ring of fire (left hand) {rF+, rC-}
   (You found it on level 2 of the Dungeon)
Scrolls
 c - 2 scrolls of identify {unknown}
 f - a scroll of blinking {unknown}
 h - 2 scrolls of amnesia {unknown}
 j - a scroll of remove curse {unknown}
 l - a scroll of noise {unknown}
 n - a scroll of enchant armour {unknown}
 r - a scroll of magic mapping {unknown}
 s - 2 scrolls of teleportation {unknown}
Potions
 e - 2 potions of haste {unknown}
 k - a potion of curing
 p - 2 potions of resistance {unknown}
Comestibles
 d - 10 rations
 i - 2 chunks of flesh {@w0}


   Skills:
 - Level 2.1 Fighting
 * Level 5.2 Polearms
 - Level 0.6 Armour
 + Level 3.8 Dodging
 - Level 2.0 Spellcasting
 + Level 0.5 Hexes
 + Level 4.0 Charms


You had 3 spell levels left.
You knew the following spells:

 Your Spells              Type           Power        Failure   Level  Hunger
a - Infusion              Chrm           ##..         6%          1    ##.....
z - Spectral Weapon       Hex/Chrm       #.......     36%         3    ####...

Your spell library contained the following spells:

 Spells                   Type           Power        Failure   Level  Hunger
 Song of Slaying          Chrm           ##......     10%         2    ###....
 Shroud of Golubria       Chrm/Tloc      #.........   22%         2    ###....
 Confusing Touch          Hex            #.....       26%         1    ##.....
 Animate Skeleton         Necr           N/A          32%         1    ##.....
 Apportation              Tloc           #.....       32%         1    ##.....
 Summon Small Mammal      Summ           #...         32%         1    ##.....
 Regeneration             Chrm/Necr      #.........   41%         3    ####...


Dungeon Overview and Level Annotations

Branches:
Dungeon (3/15)

Altars:
Cheibriados
Gozag
Ru
Trog

Annotations:
D:3 Purgy, Sigmund


Message History

u - 4 tomahawks (gained 1) Some of the chunks of flesh in your inventory have rotted away.
There is an open door here.
There is an open door here.
You open the door.
There is an open door here.
d - 10 rations (gained 1)
There is an open door here.
There is an open door here.
Found a stone staircase leading down.
There is a stone staircase leading down here.
Some of the chunks of flesh in your inventory have rotted away.
Some of the chunks of flesh in your inventory have rotted away.
You open the door.
Sigmund the Dreaded comes into view.
He is wielding a +0 scythe.
Sigmund shouts!
Sigmund says, "Now you see me, now you don't..."
Okay, then.
Okay, then.
You begin infusing your attacks with magical energy.
You now have 6/7 mp.
Throwing (i - inventory)
u - 4 tomahawks (quivered)
Aim: Sigmund, wielding a +0 scythe and wearing a +0 robe You throw a tomahawk.
The tomahawk barely misses Sigmund.
Sigmund casts a spell.
Sigmund flickers and vanishes!
Deactivating autopickup; reactivate with Ctrl-A.
No target in view!
Throwing (i - inventory)
u - 3 tomahawks (quivered)
Really target yourself? [Y]es or [N]o only, please.
Really target yourself?
Okay, then.
Throwing (i - inventory)
u - 3 tomahawks (quivered)
You throw a tomahawk.
A magic dart appears from out of thin air!
The magic dart hits you!
You take 2 damage, and have 31/33 hp.
Throwing (i - inventory)
u - 2 tomahawks (quivered)
Really target yourself? [Y]es or [N]o only, please.
Really target yourself?
Okay, then.
Throwing (i - inventory)
u - 2 tomahawks (quivered)
You throw a tomahawk.
A magic dart appears from out of thin air!
The magic dart hits you!
You take 4 damage, and have 27/33 hp.
Throwing (i - inventory)
u - a tomahawk (quivered)
You throw a tomahawk.
You are feeling hungry.
Something hits you!
You take 7 damage, and have 20/33 hp.
MASSIVE DAMAGE!!
Firing (i - inventory) No suitable missiles.
Okay, then.
Attack whom?
You reach to attack!
You miss something.
Attack whom?
You reach to attack!
You hit something. Something barely misses you.
You now have 5/7 mp.
Attack whom?
You reach to attack!
You closely miss something.
Your magical infusion is running out.
Attack whom?
You reach to attack!
You miss something. Something hits you!
* * * LOW HITPOINT WARNING * * *
You take 12 damage, and have 8/33 hp.
MASSIVE DAMAGE!!
Attack whom?
You reach to attack!
You barely miss something.
Attack whom?
You reach to attack!
You barely miss something. Something hits you.
* * * LOW HITPOINT WARNING * * *
You take 2 damage, and have 6/33 hp.
Attack whom?
You reach to attack!
You miss something. Something hits you but does no damage.
Attack whom?
You reach to attack!
You hit something.
You now have 5/7 mp.
You don't have any such object.
You don't have any such object.
You don't have any such object.
You don't have any such object.
You don't have any such object.
You don't have any such object.
Okay, then.
Attack whom?
That would be overly suicidal.
Okay, then.
Attack whom?
You reach to attack!
You barely miss something. Something hits you.
* * * LOW HITPOINT WARNING * * *
You take 4 damage, and have 3/33 hp.
Attack whom?
You reach to attack!
You closely miss something.
You are no longer magically infusing your attacks.
Attack whom?
You reach to attack!
You hit something. Something hits you!
You die...

#.......# # #.......# .#
#.......#
#####.#####.......####
##.....................
......................
##.....#####.......#
##.########......#######
................@'{(...(
##.#.#....#......#######
...#.#....########
.#.#.#....# #######
...#.#....# #<.T..#
.#.#+#....# #####.#
..........#
#######รท######
...........
..............
.......#####
#######.######


There were no monsters in sight!

Vanquished Creatures
  Robin (D:3)
  2 adders (D:2)
  An ooze (D:2)
  A worm (D:2)
  2 dart slugs
  A leopard gecko (D:2)
  A bat (D:2)
  2 giant cockroaches (D:2)
  8 goblins (D:3)
  9 hobgoblins
  5 jackals (D:3)
  8 kobolds
  2 ball pythons (D:1)
  5 frilled lizards
  4 rats
52 creatures vanquished.

Notes
Turn   | Place    | Note
-------+----------+-------------------------------------------
     0 | D:1      | Firecrotchwizard the Merfolk Skald began the quest for the
                  | Orb.
     0 | D:1      | Reached XP level 1. HP: 16/16 MP: 3/3
   465 | D:1      | Reached XP level 2. HP: 22/22 MP: 0/5
   472 | D:1      | Reached skill level 3 in Dodging
  1450 | D:2      | Reached skill level 4 in Polearms
  1471 | D:2      | Reached XP level 3. HP: 27/27 MP: 3/6
  1864 | D:2      | Found an opulent altar of Gozag.
  2041 | D:2      | Learned a level 3 spell: Spectral Weapon
  2096 | D:2      | Reached XP level 4. HP: 33/33 MP: 7/7
  2438 | D:3      | Found a sacrificial altar of Ru.
  2451 | D:3      | Found a snail-covered altar of Cheibriados.
  2451 | D:3      | Found a bloodstained altar of Trog.
  2528 | D:3      | Noticed Purgy
  2611 | D:2      | Reached skill level 5 in Polearms
  2895 | D:3      | Noticed Robin
  2907 | D:3      | Killed Robin
  2907 | D:3      | Reached skill level 4 in Charms
  3166 | D:3      | Noticed Sigmund
  3175 | D:3      | HP: 8/33 [something (12)]
  3180 | D:3      | HP: 3/33 [something (4)]
  3182 | D:3      | Mangled by Sigmund

Vault maps used:
D:1:      matt_arrival_los_fun, minmay_tetromino_l4
D:2:      minmay_misc_feat_diagonals, grunt_gozag_breadcrumbs
D:3:      chequers_temple_overflow_statue_of_worship, dk_noncrumbling_3,
          uniq_robin, uniq_sigmund, uniq_purgy

Skill      XL: |  1  2  3  4 |
---------------+-------------+-----
Dodging        | 3 |  3.8
Polearms       | 4 5 |  5.2
Charms         | 4 |  4.0
Fighting       | |  2.1
Armour         | |  0.6
Spellcasting   | |  2.0
Hexes          | |  0.5

Action                   |  1- 3 |  4- 6 || total
-------------------------+-------+-------++-------
Melee: Spear             |    82 |    89 ||   171
Throw: Tomahawk          |    32 |    28 ||    60
 Cast: Infusion          |    11 |     3 ||    14
 Stab: Sleeping          |     1 |     1 ||     2
  Eat: Chunk             |     4 |     3 ||     7
Armor: Leather armour    |     7 |    27 ||    34
Dodge: Dodged            |    29 |    47 ||    76

Table legend:
 A = Non-vault XP
 B = Vault XP
 C = Vault XP percentage of total XP
 D = Non-vault monster count
 E = Vault monster count
 F = Vault count percentage of total count
                 A         B        C        D         E       F
            +---------+---------+-------+---------+---------+-------
      Total |     100 |      39 |  28.1 |      39 |      13 |  25.0
            +---------+---------+-------+---------+---------+-------
        D:1 |      23 |       3 |  11.5 |      13 |       2 |  13.3
        D:2 |      63 |       0 |   0.0 |      18 |       0 |   0.0
        D:3 |      14 |      36 |  72.0 |       8 |      11 |  57.9
            +---------+---------+-------+---------+---------+-------

Vault maps used:
D:1:      matt_arrival_los_fun, minmay_tetromino_l4
D:2:      minmay_misc_feat_diagonals, grunt_gozag_breadcrumbs
D:3:      chequers_temple_overflow_statue_of_worship, dk_noncrumbling_3,
          uniq_robin, uniq_sigmund, uniq_purgy

Table legend:
 A = Turns spent in this place as a percentage of turns spent in the entire game.
 B = Non-inter-level travel turns spent in this place as a percentage of non-inter-level travel turns spent in the entire game.
 C = Inter-level travel turns spent in this place as a percentage of turns spent in this place.
 D = Turns resting spent in this place as a percentage of non-inter-level travel turns spent in this place.
 E = Turns spent auto-exploring this place as a percentage of non-inter-level travel turns spent in this place.
 F = Non-inter-level travel turns spent in this place divided by the number of levels of this place that you've seen.
                   A       B       C       D       E      F
               +-------+-------+-------+-------+-------+----------------------
         Total | 100.0 | 100.0 |   2.6 |  36.0 |  49.0 | 1032.7
       Dungeon | 100.0 | 100.0 |   2.6 |  36.0 |  49.0 | 1032.7
               +-------+-------+-------+-------+-------+----------------------

Table legend:
 A = Kills in this place as a percentage of kills in entire the game.
 B = Kills by you in this place as a percentage of kills by you in the entire game.
 C = Kills by friends in this place as a percentage of kills by friends in the entire game.
 D = Other kills in this place as a percentage of other kills in the entire game.
 E = Experience gained in this place as a percentage of experience gained in the entire game.
 F = Experience gained in this place divided by the number of levels of this place that you have seen.
                   A       B       C       D       E      F
               +-------+-------+-------+-------+-------+----------------------
         Total | 100.0 | 100.0 |   N/A |   N/A | 100.0 |  46.3
       Dungeon | 100.0 | 100.0 |   N/A |   N/A | 100.0 |  46.3
               +-------+-------+-------+-------+-------+----------------------
